Map: Deathaura LE

Players

Massa

  • Race: Terran Terran
  • League: Platinum
  • Spawn Location: 5:00

Dragonio - Winner!

  • Race: Protoss Protoss
  • League: Platinum
  • Spawn Location: 11:00

VOD

Have the link to the VOD?

Description

Time

  • Played on: Nov. 2, 2020, 9:17 a.m.
  • Length: 25:23
Show
View Real Time Build Order
Export as new Build Order

Massa Terran 

Build Orders: Reaper Expand 

Get SALT Encoding   

  12  0:00  SCV  
  13  0:12  SCV  
  14  0:18  Supply Depot  
  14  0:24  SCV  
  15  0:39  Refinery  
  15  0:43  Barracks  
  15  0:45  SCV  
  16  0:57  SCV  
  17  1:09  SCV  
  18  1:21  SCV  
  19  1:32  Reaper  
  20  1:34  Orbital Command  
  20  1:46  Command Center  
  20  2:00  SCV  
  21  2:03  Marine  
  22  2:12  SCV  
  23  2:18  Supply Depot  
  23  2:24  Factory  
  23  2:41  Barracks Reactor  
  23  2:48  SCV  
  24  2:52  Command Center  
  24  2:54  Refinery  
  24  2:59  Orbital Command  
  24  3:00  SCV  
  25  3:11  Factory Tech Lab  
  25  3:12  SCV  
  26  3:21  Engineering Bay  
  26  3:24  SCV  
  26  3:25  Starport  
  27  3:28  SCV  
  28  3:46  SCV  
  28  3:47  SCV  
  28  3:48  Marine, Siege Tank  
  33  3:49  Marine  
  33  3:55  Missile Turret  
  35  3:58  SCV, Missile Turret  
  35  3:59  Missile Turret  
  35  4:00  SCV  
  37  4:06  Marine x2  
  37  4:07  Orbital Command  
  39  4:13  SCV x2  
  41  4:20  Medivac  
  43  4:24  Marine  
  43  4:25  SCV x2  
  43  4:29  Missile Turret  
  46  4:37  SCV x2  
  48  4:42  Missile Turret  
  48  4:47  Marine x2, Siege Tank  
  53  4:55  Barracks  
  53  4:56  SCV x3, Barracks  
  53  4:59  Refinery  
  56  5:02  Refinery  
  56  5:05  Marine  
  57  5:08  SCV x2, Medivac  
  61  5:18  Supply Depot  
  61  5:20  Supply Depot  
  61  5:23  Supply Depot  
  61  5:26  Supply Depot  
  61  5:39  Widow Mine, SCV x3, Marine x2  
  68  5:45  Barracks Reactor, Barracks Tech Lab  
  68  5:48  Liberator  
  71  5:51  SCV x2  
  71  5:56  Terran Infantry Weapons Level 1, Supply Depot  
  71  5:57  Marine x2  
  73  6:01  Widow Mine  
  77  6:06  Orbital Command  
  77  6:14  Marine  
  77  6:16  SCV  
  77  6:17  SCV  
  80  6:22  Widow Mine  
  82  6:28  SCV  
  82  6:29  SCV  
  82  6:31  SCV  
  85  6:40  SCV  
  85  6:41  SCV  
  85  6:43  Marauder, Marine x4  
  85  6:44  SCV  
  85  6:45  Stimpack  
  94  6:52  SCV  
  94  6:53  SCV  
  96  6:56  SCV  
  96  7:01  Marine  
  97  7:04  Marauder  
  97  7:05  SCV  
  97  7:06  Missile Turret  
  97  7:07  Missile Turret  
  101  7:08  SCV  
  101  7:11  SCV  
  101  7:12  Supply Depot  
  101  7:13  Supply Depot  
  101  7:14  Supply Depot x2  
  95  7:17  SCV  
  95  7:20  SCV  
  94  7:26  Marauder  
  96  7:47  Marauder  
  89  7:53  SCV x3  
  91  7:59  Siege Tank  
  91  8:01  Marine x4  
  95  8:05  SCV x2  
  95  8:06  SCV, Starport Reactor  
  95  8:08  Marauder  
  100  8:16  Command Center  
  100  8:17  SCV  
  100  8:19  Marine x2  
  103  8:21  Missile Turret  
  103  8:24  Combat Shield, Missile Turret, Supply Depot  
  103  8:27  Refinery  
  103  8:30  Marauder  
  103  8:31  Siege Tank  
  103  8:34  Refinery  
  108  8:41  Supply Depot  
  108  8:42  Supply Depot  
  108  8:49  Supply Depot  
  108  8:51  Marauder  
  92  9:13  Marauder  
  94  9:23  SCV x3  
  97  9:32  Missile Turret  
  97  9:35  SCV x3  
  97  9:38  Marauder, Marine  
  102  9:39  Marine x3  
  102  9:43  Concussive Shells  
  106  9:46  Barracks  
  106  9:47  Barracks  
  106  9:50  Medivac x2  
  106  9:52  Siege Tank  
  113  9:56  Marine  
  113  9:58  Terran Infantry Armor Level 1  
  113  9:59  Marauder  
  116  10:00  Armory  
  116  10:05  Engineering Bay  
  117  10:07  SCV  
  117  10:08  SCV  
  117  10:13  SCV  
  119  10:19  SCV  
  119  10:20  SCV, Medivac x2  
  119  10:21  Marauder  
  127  10:24  Siege Tank  
  127  10:25  SCV  
  131  10:31  SCV  
  132  10:42  Marauder  
  131  10:46  Barracks Reactor, Barracks Tech Lab  
  131  10:48  Marine x3  
  131  10:49  Marine  
  135  10:50  Medivac  
  135  10:51  SCV x3  
  140  11:01  Sensor Tower  
  140  11:03  SCV x3  
  140  11:04  Marauder  
  145  11:06  Marine x4  
  145  11:09  Sensor Tower  
  149  11:11  Siege Tank  
  149  11:12  Missile Turret  
  149  11:13  Marauder  
  149  11:15  SCV x2  
  156  11:24  Marine x2  
  156  11:25  Marauder  
  160  11:35  Marauder  
  162  11:43  Siege Tank  
  162  11:44  SCV x3  
  162  11:46  Marauder  
  170  11:50  Planetary Fortress  
  170  11:54  Sensor Tower  
  170  11:56  SCV x3, Marauder  
  175  12:08  SCV x2, Marauder  
  177  12:09  SCV, Missile Turret  
  177  12:12  Missile Turret  
  180  12:21  Siege Tank  
  177  12:25  Supply Depot x2  
  177  12:27  Supply Depot  
  177  12:29  Supply Depot  
  171  12:43  SCV  
  171  12:44  SCV x3  
  175  12:45  Missile Turret  
  175  12:47  Smart Servos  
  175  12:49  Supply Depot  
  175  12:50  Marauder x2  
  175  12:51  Marine x5  
  181  12:52  Terran Infantry Armor Level 2  
  181  12:53  Siege Tank, Terran Vehicle Weapons Level 1  
  181  12:54  Terran Infantry Weapons Level 2  
  181  12:55  SCV  
  181  12:56  SCV x2  
  190  12:59  Viking x2  
  194  13:11  Marauder x2  
  198  13:29  Viking  
  198  14:06  Drilling Claws  
  190  14:16  Medivac  
  190  14:17  Medivac  
  184  14:26  Refinery  
  184  14:29  Refinery  
  184  14:36  Command Center, Siege Tank  
  187  14:41  Marauder x2, Marine x3  
  194  14:46  Medivac x2  
  194  14:47  Barracks  
  194  14:50  Factory  
  198  15:02  Marauder  
  200  15:48  Command Center  
  190  16:14  Viking x2  
  190  16:17  Factory Tech Lab  
  190  16:18  Barracks Tech Lab  
  194  16:21  Terran Infantry Weapons Level 3, Terran Infantry Armor Level 3  
  194  16:22  Terran Vehicle And Ship Armor Level 1  
  194  16:25  Armory  
  194  16:33  Ghost Academy  
  194  16:35  Ghost Academy  
  194  16:37  Ghost Academy  
  194  16:44  Viking x2  
  198  17:04  Refinery  
  198  17:05  Refinery  
  198  17:14  Medivac x2  
  176  17:44  Medivac  
  170  17:52  Marauder, Marine  
  170  17:53  Marauder x2, Marine x5  
  145  18:10  Marine  
  145  18:11  Marine x5  
  143  18:14  Marauder x3  
  142  18:26  Planetary Fortress  
  140  18:28  Marine  
  140  18:29  Marine x5  
  146  18:35  Marauder, Viking x2  
  146  18:36  Marauder x2  
  154  18:46  Marine  
  154  18:47  Marine x3  
  139  18:56  Marauder  
  139  18:57  Marauder x2  
  139  18:58  Marine  
  139  18:59  Marine  
  143  19:04  Marine x4  
  143  19:05  Viking x2  
  148  19:16  Marine  
  148  19:17  Marine  
  149  19:18  Marauder x3  
  149  19:21  Siege Tank x2  
  149  19:22  Marine x4  
  166  19:24  Barracks  
  166  19:25  Barracks x2  
  166  19:26  Barracks  
  166  19:34  Marine x2  
  166  19:35  Viking x2  
  168  19:39  Marauder, Marine  
  168  19:40  Marauder x2, Marine x3  
  162  19:52  Marine x2  
  159  19:53  Siege Tank  
  159  19:57  Marine  
  159  19:58  Marine x3  
  158  20:00  Marine  
  158  20:01  Marine x2  
  158  20:05  Viking  
  156  20:13  Marine  
  156  20:14  Marine  
  157  20:15  Marine  
  157  20:16  Marine x3  
  157  20:18  Marine x3  
  160  20:31  Marine x2  
  160  20:33  Marine x4  
  166  20:36  Marauder  
  166  20:37  Marauder x2, Siege Tank x2  
  178  20:49  Marine x2  
  180  20:51  Marine x4  
  184  20:58  Marauder x2, Marine  
  184  21:00  Sensor Tower  
  189  21:07  Marine x2  
  188  21:16  Thor x2  
  188  21:17  Marine  
  188  21:18  Marine x5  
  167  21:19  Marine  
  167  21:24  Marine  
  167  21:25  Marine  
  136  21:27  Missile Turret x2  
  136  21:28  Missile Turret  
  136  21:29  Missile Turret x3  
  136  21:32  Barracks Reactor x2  
  117  21:35  Marine  
  117  21:36  Marine x5  
  117  21:37  Barracks Reactor, Marine  
  124  21:42  Marine  
  124  21:43  Marine  
  124  21:44  SCV x3, Factory  
  129  21:48  Missile Turret x2  
  129  21:49  Missile Turret  
  129  21:50  Missile Turret  
  129  21:53  Marine x5  
  134  21:54  Marine  
  134  21:55  Marine  
  134  21:58  Thor  
  134  21:59  Thor  
  134  22:00  Marine x2  
  150  22:08  Command Center  
  150  22:11  Marine x5  
  150  22:12  Marine x2  
  157  22:16  Terran Vehicle And Ship Armor Level 2, Terran Vehicle Weapons Level 2  
  157  22:18  Hi-Sec Auto Tracking  
  157  22:27  Factory Tech Lab  
  157  22:29  Marine  
  158  22:30  Marine  
  159  22:41  Thor x2  
  160  23:08  Thor  
  160  23:12  Viking x2  
  156  23:24  Thor x2  
  99  23:42  Viking  
  74  23:51  Marine  
  74  23:52  Marine x7  
  74  23:59  Marine  
  66  24:07  Thor x2  
  56  24:33  Marine  
  56  24:34  Marine x5  
Show
View Real Time Build Order
Export as new Build Order

Dragonio Protoss - Winner!

Build Orders: Carriers, Dark Templar Rush 

Get SALT Encoding   

  12  0:00  Probe  
  13  0:12  Probe  
  14  0:17  Pylon  
  14  0:24  Probe  
  15  0:37  Gateway  
  15  0:40  Probe  
  16  0:52  Probe (Chrono Boost), Assimilator  
  16  0:56  Assimilator  
  17  1:02  Probe (Chrono Boost)  
  18  1:07  Probe (Chrono Boost)  
  19  1:18  Probe  
  19  1:24  Cybernetics Core  
  20  1:30  Probe, Pylon  
  21  1:49  Nexus  
  21  1:57  Pylon  
  21  1:58  Stalker (Chrono Boost)  
  23  2:03  Warp Gate  
  23  2:07  Probe  
  24  2:13  Pylon  
  24  2:20  Probe  
  25  2:25  Sentry  
  27  2:39  Gateway  
  27  2:41  Gateway  
  27  2:46  Probe (Chrono Boost)  
  28  2:57  Probe (Chrono Boost)  
  29  3:01  Twilight Council  
  29  3:06  Probe (Chrono Boost)  
  29  3:07  Pylon  
  31  3:16  Probe x2 (Chrono Boost)  
  31  3:18  Stalker  
  34  3:22  Probe  
  34  3:25  Probe  
  36  3:31  Stalker  
  38  3:40  Dark Shrine  
  38  3:46  Probe (Chrono Boost)  
  38  3:47  Probe (Chrono Boost)  
  40  3:59  Probe (Chrono Boost)  
  40  4:02  Assimilator  
  42  4:04  Probe (Chrono Boost), Assimilator  
  42  4:07  Probe (Chrono Boost)  
  42  4:09  Stalker  
  45  4:11  Probe (Chrono Boost), Sentry  
  45  4:12  Stalker  
  50  4:21  Probe (Chrono Boost)  
  51  4:24  Probe (Chrono Boost)  
  53  4:34  Probe (Chrono Boost)  
  53  4:35  Probe (Chrono Boost)  
  54  4:40  Pylon  
  54  4:43  Probe  
  55  4:47  Pylon  
  55  4:50  Stalker  
  55  4:52  Gateway  
  57  4:53  Pylon  
  57  4:55  Probe, Shadow Stride (Chrono Boost)  
  58  5:02  Probe  
  59  5:14  Probe  
  59  5:15  Pylon  
  59  5:20  Robotics Facility  
  60  5:26  Probe  
  61  5:29  Gateway  
  61  5:30  Gateway  
  61  5:33  Gateway  
  61  5:35  Gateway, Stalker  
  61  5:36  Stalker  
  61  5:39  Pylon  
  61  5:40  Blink (Chrono Boost)  
  65  5:47  Stalker  
  67  6:01  Dark Templar  
  67  6:02  Dark Templar x2  
  73  6:11  Dark Templar  
  73  6:17  Observer  
  76  6:29  Nexus  
  76  6:32  Pylon  
  76  6:38  Pylon  
  76  6:49  Pylon  
  76  6:56  Immortal (Chrono Boost)  
  76  6:57  Stalker  
  82  7:06  Pylon  
  82  7:12  Forge  
  82  7:14  Forge  
  82  7:18  Pylon  
  82  7:33  Immortal (Chrono Boost)  
  82  7:34  Charge  
  86  7:49  Protoss Ground Weapons Level 1  
  86  7:50  Protoss Ground Armor Level 1  
  75  8:07  Probe  
  76  8:13  Immortal  
  76  8:14  Stalker x5  
  76  8:15  Stalker x2  
  76  8:16  Stalker  
  97  8:22  Probe (Chrono Boost)  
  97  8:23  Probe (Chrono Boost)  
  98  8:32  Probe (Chrono Boost)  
  100  8:34  Probe (Chrono Boost)  
  100  8:37  Probe (Chrono Boost)  
  101  8:48  Probe  
  102  9:00  Probe  
  99  9:12  Stalker  
  99  9:13  Stalker x3  
  99  9:14  Stalker x3  
  99  9:15  Stalker  
  99  9:16  Immortal (Chrono Boost)  
  115  9:30  Probe (Chrono Boost)  
  116  9:39  Assimilator  
  116  9:40  Probe (Chrono Boost)  
  116  9:43  Assimilator  
  116  9:45  Probe (Chrono Boost)  
  117  9:48  Immortal  
  117  9:51  Probe  
  123  9:53  Protoss Air Weapons Level 1  
  123  9:57  Probe  
  124  10:09  Probe  
  125  10:21  Probe  
  126  10:45  Protoss Ground Weapons Level 2 (Chrono Boost)  
  126  10:50  Immortal  
  126  10:52  Protoss Ground Armor Level 2 (Chrono Boost)  
  130  11:03  Probe  
  130  11:07  Stargate, Zealot x5  
  130  11:08  Zealot x2  
  130  11:09  Zealot  
  146  11:15  Probe  
  147  11:30  Observer, Nexus  
  147  11:32  Stargate  
  148  11:33  Pylon  
  148  11:36  Pylon  
  148  11:40  Pylon  
  148  11:41  Dark Templar x3  
  148  11:42  Dark Templar  
  156  11:51  Observer  
  156  11:52  Pylon  
  157  12:10  Fleet Beacon  
  149  12:45  Observer  
  150  12:54  Tempest  
  150  12:56  Tempest  
  160  13:06  Immortal  
  160  13:08  Protoss Air Weapons Level 2 (Chrono Boost)  
  163  13:18  Protoss Ground Weapons Level 3 (Chrono Boost)  
  163  13:24  Protoss Ground Armor Level 3 (Chrono Boost)  
  163  13:28  Tempest  
  163  13:29  Gateway  
  163  13:30  Gateway  
  163  13:31  Gateway  
  163  13:37  Gateway  
  162  14:06  Zealot  
  162  14:07  Zealot x5  
  164  14:15  Probe (Chrono Boost)  
  163  14:20  Probe (Chrono Boost)  
  165  14:25  Probe (Chrono Boost)  
  165  14:29  Tempest x2, Probe (Chrono Boost)  
  176  14:33  Probe (Chrono Boost)  
  176  14:34  Unknown  
  176  14:35  Probe (Chrono Boost)  
  176  14:36  Probe (Chrono Boost)  
  179  14:45  Probe (Chrono Boost)  
  182  14:46  Probe (Chrono Boost)  
  182  14:47  Probe (Chrono Boost)  
  182  14:50  Probe (Chrono Boost)  
  183  14:53  Probe  
  183  14:58  Stargate  
  185  15:02  Mothership (Chrono Boost)  
  185  15:03  Probe (Chrono Boost)  
  193  15:11  Tempest  
  199  15:14  Observer  
  199  15:18  Probe (Chrono Boost)  
  200  15:45  Stargate  
  200  15:48  Protoss Shields Level 1  
  200  15:51  Protoss Air Weapons Level 3 (Chrono Boost)  
  194  16:02  Probe  
  190  16:14  Probe (Chrono Boost)  
  191  16:23  Probe (Chrono Boost)  
  193  16:26  Probe (Chrono Boost)  
  193  16:32  Probe (Chrono Boost)  
  195  16:33  Probe (Chrono Boost)  
  195  16:37  Probe (Chrono Boost)  
  196  16:40  Probe  
  197  16:52  Probe  
  198  17:26  Assimilator  
  198  17:28  Assimilator  
  162  18:11  Carrier x2 (Chrono Boost)  
  176  18:20  Protoss Air Armor Level 1 (Chrono Boost)  
  176  18:21  Carrier (Chrono Boost)  
  176  18:22  Carrier (Chrono Boost)  
  155  19:08  Carrier  
  155  19:09  Carrier  
  167  19:18  Carrier  
  167  19:19  Carrier  
  127  20:10  Stalker x2  
  127  20:11  Stalker x5  
  127  20:12  Zealot x5  
  140  20:15  Mothership  
  140  20:18  Carrier x2  
  155  20:29  Protoss Air Armor Level 2 (Chrono Boost)  
  155  20:30  Carrier  
  161  20:50  Stalker  
  161  20:51  Stalker x4  
  161  20:52  Stalker x4  
  161  20:54  Zealot x3  
  185  21:05  Nexus  
  145  21:31  Carrier  
  145  21:46  Assimilator  
  145  21:48  Assimilator  
  145  21:57  Protoss Shields Level 2  
  145  22:04  Zealot x5  
  145  22:05  Zealot x5  
  145  22:06  Zealot x2  
  169  22:34  Stalker x4  
  169  22:35  Stalker x3  
  169  22:36  Stalker x4  
  191  22:38  Stalker  
  113  24:23  Tempest  
  124  25:08  Zealot x5  
  124  25:09  Zealot x5  
  124  25:10  Zealot x2  
Tags
 
Composition
Carriers
Matchup
PvT
Replay Pack
Multiplayer
Spawn Locations
Cross Positions
Add a new tag
Caveats
  • Supply blocks, unpowered buildings, or Contaminate may cause inaccurate times.
  • Supply counts are checked every 10 seconds.